 Dungeon Crawl Stone Soup version 0.29-a0-322-g68df515428 (webtiles) character file.

Game seed: 17976233112517993991

1446 bande the Chopper (level 8, -2/49 HPs)
             Began as a Gargoyle Fighter on Apr 7, 2022.
             Killed by divine providence
             ... invoked by an orc priest
              (15 damage)
             ... on level 6 of the Dungeon.
             The game lasted 00:12:45 (6570 turns).

bande the Chopper (Gargoyle Fighter)                Turns: 6570, Time: 00:12:46

Health: -2/49      AC: 22    Str: 26    XL:     8   Next: 75%
Magic:  8/8        EV: 12    Int:  7    God:
Gold:   38         SH:  5    Dex: 11    Spells: 7/7 levels left

rFire   + . .      SeeInvis .   a - +1 war axe
rCold   + . .      Faith    .   c - +0 buckler
rNeg    + . .      Spirit   .   b - +6 chain mail "Bopirer" {Fly rF+ rC+}
rPois   ∞          Reflect  .   (no helmet)
rElec   +          Harm     .   g - +0 cloak
rCorr   .          Rampage  .   (no gloves)
Will    .....                   (no boots)
Stlth   ..........              (no amulet)
HPRegen 0.16/turn               h - +4 ring of evasion
MPRegen 0.11/turn               n - +6 ring of strength

@: flying
A: sickness immunity, AC +5, negative energy resistance 1, electricity
resistance, torment resistance 1, petrification resistance, dopey 1
a: no special abilities


You were on level 6 of the Dungeon.
You visited 1 branch of the dungeon, and saw 6 of its levels.
You also visited: Sewer.

You collected 304 gold pieces.
You spent 266 gold pieces at shops.

Inventory:

Hand Weapons
 a - a +1 war axe (weapon)
 t - a +0 flail
Missiles
 m - a throwing net (quivered)
Armour
 b - the +6 chain mail "Bopirer" (worn) {Fly rF+ rC+}
   (You bought it in a shop on level 3 of the Dungeon)

   rF:        It protects you from fire.
   rC:        It protects you from cold.
   Fly:       It grants you flight.
 c - a +0 buckler (worn)
 g - a +0 cloak (worn)
Jewellery
 h - a +4 ring of evasion (left hand)
 j - an amulet of the acrobat
 n - a +6 ring of strength (right hand)
Wands
 s - a wand of charming (8)
 x - a wand of paralysis (6)
Scrolls
 e - 2 scrolls of amnesia
 k - a scroll of teleportation
 l - a scroll of magic mapping
 u - a scroll of fear
 y - a scroll of enchant weapon
Potions
 d - 3 potions of magic
 f - 2 potions of berserk rage
 i - 8 potions of curing
 o - 2 potions of heal wounds
 p - a potion of resistance
 q - a potion of might
 r - 2 potions of flight
 v - a potion of degeneration {unknown}
 w - a potion of invisibility {unknown}


   Skills:
 + Level 5.1 Fighting
 + Level 7.0 Axes
 + Level 5.7 Armour
 + Level 4.7 Shields
 * Level 3.0 Evocations


You had 7 spell levels left.
You didn't know any spells.
Your spell library contained the following spells:

 Spells                   Type           Power      Damage    Failure   Level
 Shock                    Conj/Air       0%         1d3       98%         1
 Blink                    Tloc           0%         N/A       99%         2
 Swiftness                Air            0%         N/A       100%        3
 Tukima's Dance           Hex            0%         N/A       100%        3
 Airstrike                Air            0%         N/A       100%        4
 Anguish                  Hex/Necr       0%         N/A       100%        4
 Manifold Assault         Tloc           0%         N/A       100%        5
 Enfeeble                 Hex            0%         N/A       100%        7
 Storm Form               Tmut/Air       0%         N/A       100%        7


Dungeon Overview and Level Annotations

Branches:
Dungeon (6/15)              Sewer (visited)
 Temple: D:4-7

Altars:
Yredelemnul

Shops:
D:3 [

Annotations:
D:5 1 runed translucent door, qwertyui's ghost, novice HuBe


Innate Abilities, Weirdness & Mutations

You are immune to sickness and miasma.
Your stone body is resilient. (AC +5)
You are immune to poison.
You resist negative energy. (rN+)
You are resistant to electric shocks. (rElec)
You are resistant to unholy torment.
You are immune to petrification.
You are dopey. (Int -2)


Message History

Beogh smites you!
You are too injured to fight recklessly!
You are too injured to fight recklessly!
You are too injured to fight recklessly!
You are too injured to fight recklessly!
You are too injured to fight recklessly!
You are too injured to fight recklessly!
You are too injured to fight recklessly!
You are too injured to fight recklessly!
You are too injured to fight recklessly!
You are too injured to fight recklessly!
You are too injured to fight recklessly!
You are too injured to fight recklessly!
Unknown command.
You slash the orc wizard!
The orc wizard is severely wounded.
The orc wizard points at you and mumbles some strange words.
You resist with some effort.
You hit the orc wizard.
The orc wizard is almost dead.
The orc wizard hits you but does no damage.
You barely miss the orc wizard.
The orc wizard is almost dead.
The orc wizard hits you but does no damage.
You closely miss the orc wizard.
The orc wizard is almost dead.
The orc wizard hits you but does no damage.
The orc priest invokes the aid of Beogh against you.
Beogh smites you!
* * * LOW HITPOINT WARNING * * *
Unknown command.
You slash the orc wizard!
You kill the orc wizard!
You slash the orc priest!
The orc priest is heavily wounded.
The orc priest mumbles some strange prayers to Beogh against you.
You are unaffected.
The orc priest invokes the aid of Beogh against you.
Beogh smites you!
You die...

##...##.....# #.....#.......#
#.....###.### #.....#.......#
.......##.# #.....#.#...#.#
..._......############.#...#.#
.......#<.......# #.#...#.#
#.....##.>#####.# #.......#
##...###..#####.# ####.####
##.##.......##.####.## #.#
#....##)##...)@oo...# #####
#.......##.#.... ######### .#
# .# #


You could see an orc priest and an orc.

Vanquished Creatures
  Grinder (D:5)
  Eustachio (D:4)
  Menkaure (D:6)
  An ice beast (D:5)
  2 ogres (D:5)
  Pargi (Sewer)
  A phantom (D:4)
  A necrophage (D:5)
  2 scorpions
  A howler monkey (D:4)
  3 jellies
  2 hounds
  An orc wizard (D:6)
  8 adders
  2 ufetubi
  4 worms
  2 dart slugs
  An orc (D:6)
  10 ball pythons
  4 endoplasms
  5 giant cockroaches
  A goblin (D:1)
  4 hobgoblins
  7 jackals
  6 kobolds
  5 quokkas
  8 bats
  5 frilled lizards
  4 rats
  A spectral hobgoblin (D:1)
95 creatures vanquished.

Notes
Turn   | Place    | Note
-------+----------+-------------------------------------------
     0 | D:1      | bande the Gargoyle Fighter began the quest for the Orb.
     0 | D:1      | Reached XP level 1. HP: 14/14 MP: 1/1
   247 | D:1      | Reached XP level 2. HP: 15/19 MP: 2/2
   360 | D:1      | Reached skill level 2 in Axes
   437 | D:1      | Found a faded altar of an unknown god.
   724 | D:1      | Reached XP level 3. HP: 15/23 MP: 3/3
  1312 | D:2      | You fall into a shaft and drop 1 floor!
  1387 | D:3      | Found Tusivam's Antique Armour Boutique.
  1504 | D:3      | Found a glowing drain.
  1523 | Sewer    | Entered a sewer
  1639 | Sewer    | Noticed Pargi
  1656 | Sewer    | Killed Pargi
  1657 | Sewer    | Reached skill level 3 in Axes
  1657 | Sewer    | Reached XP level 4. HP: 8/29 MP: 4/4
  1657 | Sewer    | Reached XP level 5. HP: 10/33 MP: 5/5
  2361 | D:3      | Identified the +3 hunting sling of Kebaps {freeze, rN+}
  2477 | D:2      | Gained mutation: You tend to lose your temper in combat.
                  | [potion of mutation]
  2478 | D:2      | Lost mutation: You tend to lose your temper in combat.
                  | [potion of mutation]
  2478 | D:2      | Gained mutation: You are dopey. (Int -2) [potion of
                  | mutation]
  3321 | D:4      | Noticed a phantom
  3336 | D:4      | Killed a phantom
  3337 | D:4      | Reached skill level 4 in Axes
  3337 | D:4      | Reached XP level 6. HP: 26/38 MP: 6/6
  3401 | D:4      | Noticed Eustachio
  3421 | D:4      | Killed Eustachio
  3422 | D:4      | Reached XP level 7. HP: 16/43 MP: 7/7
  3947 | D:4      | Reached skill level 5 in Axes
  4158 | D:4      | Reached skill level 5 in Armour
  4588 | D:5      | Entered Level 5 of the Dungeon
  4622 | D:5      | Noticed Grinder
  4630 | D:5      | Paralysed by Grinder for 6 turns
  4642 | D:5      | Paralysed by Grinder for 6 turns
  4663 | D:5      | Killed Grinder
  4664 | D:5      | Reached skill level 1 in Evocations
  5201 | D:5      | Reached XP level 8. HP: 47/48 MP: 8/8
  5216 | D:5      | Reached skill level 6 in Axes
  5448 | D:5      | Found a runed translucent door.
  5451 | D:5      | Noticed qwertyui's ghost (novice HuBe)
  5695 | D:6      | Found a basalt altar of Yredelemnul.
  5697 | D:6      | Noticed Menkaure
  6031 | D:5      | Reached skill level 5 in Fighting
  6109 | D:6      | Killed Menkaure
  6463 | D:3      | Bought a tiger eye-encrusted chain mail for 266 gold pieces
  6463 | D:3      | Identified the +6 chain mail "Bopirer" {Fly rF+ rC+} (You
                  | bought it in a shop on level 3 of the Dungeon)
  6562 | D:6      | Reached skill level 7 in Axes
  6570 | D:6      | Killed from afar by an orc priest

Illustrated notes

Levels and vault maps discovered:
D:1:      zaba_arrival_water, layout_basic,
          dreamdust_ecumenical_altar_drowned_temple
D:2:      layout_basic, minivault_19, minivault_11, corexii_leaking_fountain
D:3:      layout_loops_ring, serial_shops, shop, portal_sewer_entry_a
D:4:      dreamdust_elfheim, layout_basic, uniq_eustachio
D:5:      layout_gridville, ebering_ghost_sewer_d, minmay_misc_feat_enclosed,
          uniq_grinder
D:6:      minmay_cornered_nines, layout_loops_cross, lemuel_round_altar,
          temple_doors_cd, hangedman_abyss_or_decor_lesser_grid, uniq_menkaure,
          uniq_duvessa

Skill      XL: |  1  2  3  4  5  6  7  8 |
---------------+-------------------------+-----
Axes           | 2 3 4 5 7 |  7.0
Armour         | 4 5 |  5.7
Shields        | 4 |  4.7
Fighting       | 4 5 |  5.1
Evocations     | 1 3 |  3.0

Action                   |  1- 3 |  4- 6 |  7- 9 || total
-------------------------+-------+-------+-------++-------
Melee: War axe           |   178 |   111 |   112 ||   401
  Use: Scroll            |     4 |     8 |     6 ||    18
       Potion            |     2 |     2 |       ||     4
Armor: Scale mail        |   141 |    62 |    24 ||   227
       Chain mail        |       |       |    26 ||    26
Dodge: Dodged            |   134 |    76 |    60 ||   270
Block: Buckler           |    49 |    31 |    24 ||   104

Table legend: (Time is in decaauts)
 A = Elapsed time spent in this place.
 B = Non-inter-level travel time spent in this place.
 C = Inter-level travel time spent in this place.
 D = Time resting spent in this place.
 E = Time spent auto-exploring this place.
 F = Levels seen in this place.
 G = Mean time per level.
                   A        B        C        D        E       F      G
               +--------+--------+--------+--------+--------+-----+--------+
         Total |   6732 |   6520 |    212 |   1090 |   4192 |   7 |  961.7 |
       Dungeon |   6296 |   6084 |    212 |    882 |   4067 |   6 | 1049.3 |
         Sewer |    435 |    435 |      0 |    208 |    125 |   1 |  435.0 |
               +--------+--------+--------+--------+--------+-----+--------+

Top non-repeatable levels by time:
     D:5: 1607 daAuts
     D:4: 1390 daAuts
     D:1: 1264 daAuts
     D:2: 878 daAuts
     D:3: 817 daAuts
   Sewer: 435 daAuts
     D:6: 337 daAuts
